 Dungeon Crawl Stone Soup version 0.24-a0-584-g9d6b971ae4 (webtiles) character file.

Game seed: 16812773047571987525, levelgen mode: deterministic

1348 Holzbalken the Basher (level 8, 0/56 HPs)
             Began as a Demonspawn Gladiator on Aug 29, 2019.
             Was an Initiate of Qazlal.
             Slain by Duvessa
             ... wielding a +0 short sword
              (5 damage)
             ... on level 6 of the Dungeon on Sept 5, 2019.
             The game lasted 00:17:57 (6665 turns).

Holzbalken the Basher (Demonspawn Gladiator)        Turns: 6665, Time: 00:17:57

Health: 0/56       AC:  9    Str: 17    XL:     8   Next: 36%
Magic:  0/8        EV:  8    Int:  9    God:    Qazlal [......]
Gold:   337        SH:  0    Dex: 15    Spells: 7/7 levels left

rFire    . . .     SeeInvis .   a - +0 flail
rCold    . . .     Gourm    .   (no shield)
rNeg     . . .     Faith    .   v - +0 chain mail
rPois    .         Spirit   +   c - +0 helmet
rElec    .         Reflect  .   w - scarf {cloud immunity}
rCorr    .         Harm     .   (no gloves)
MR       .....                  (no boots)
Stlth    ..........             (no amulet)
HPRegen  0.18/turn              (no ring)
MPRegen  0.11/turn              (no ring)

@: no status effects
A: talons 2, magic shield, rot immunity
a: Renounce Religion


You were on level 6 of the Dungeon.
You worshipped Qazlal.
Qazlal was noncommittal.
You were not hungry.

You visited 2 branches of the dungeon, and saw 7 of its levels.

You collected 337 gold pieces.

Inventory:

Hand Weapons
 a - a +0 flail (weapon)
Missiles
 d - 3 throwing nets (quivered)
Armour
 b - a +0 leather armour
 c - a +0 helmet (worn)
 v - a +0 chain mail (worn)
 w - a scarf of cloud immunity (worn)
Wands
 p - a wand of enslavement (6)
 t - a wand of acid (8)
Scrolls
 i - a scroll of immolation {unknown}
 m - 5 scrolls of identify
 n - a scroll of teleportation
 x - a scroll of enchant weapon {unknown}
Potions
 e - a potion of lignification {unknown}
 h - 3 potions of heal wounds
 j - a potion of mutation {unknown}
 k - 2 potions of flight {unknown}
 l - 3 potions of brilliance {unknown}
 o - a potion of curing
 q - 2 potions of agility
 r - a potion of haste {unknown}
 s - a potion of might {unknown}
 u - a potion of berserk rage {unknown}
Comestibles
 f - 15 rations
 g - 3 chunks of flesh


   Skills:
 - Level 2.0 Fighting
 + Level 9.8 Maces & Flails
 - Level 1.7 Throwing
 - Level 2.6 Dodging


You had 7 spell levels left.
You didn't know any spells.
Your spell library was empty.

Dungeon Overview and Level Annotations

Branches:
Dungeon (6/15)             Temple (1/1) D:5

Altars:
Ashenzari
Cheibriados
Elyvilon
Fedhas
Gozag
Hepliaklqana
Makhleb
Nemelex Xobeh
Okawaru
Qazlal
Ru
Sif Muna
Uskayaw
Wu Jian
Xom
Yredelemnul
Zin
The Shining One

Annotations:
D:6 Duvessa


Innate Abilities, Weirdness & Mutations

You have razor-sharp toenails.
When hurt, damage is shared between your health and your magic reserves.
You are immune to rotting.


Message History

You hit Duvessa but do no damage.
Duvessa is lightly wounded.
Duvessa hits you with a +0 short sword.
Your chain mail prevents you from hitting Duvessa.
You claw Duvessa, but do no damage.
Duvessa is lightly wounded.
Duvessa hits you with a +0 short sword! x2
Some of the chunks of flesh in your inventory have rotted away.
You hit Duvessa.
Duvessa is lightly wounded.
Duvessa hits you with a +0 short sword.
* * * LOW HITPOINT WARNING * * *
You sock Duvessa! Your kick misses Duvessa.
Duvessa is moderately wounded.
Duvessa hits you with a +0 short sword!
* * * LOW HITPOINT WARNING * * *
You closely miss Duvessa.
Duvessa is moderately wounded.
Duvessa hits you with a +0 short sword.
You die...

#.##.# #.##.#
##.##.#
##########..##.#
#...........##.#
#.########.###[#
#รท# #.# #.#
#####.# #..
#.)@#.# ##.#
#.#e#.# .# ..
#.#'######## ..
... #....)^....#
#. ...
#..........# ..
#.....)....# .
##.........# #
########### # #


You could see Duvessa (berserk).

Vanquished Creatures
  Sigmund (D:4)
  A black bear (D:6)
  2 ogres
  3 bullfrogs
  A scorpion (D:3)
  Dowan (D:6)
  2 howler monkeys
  2 crimson imps
  A bullfrog zombie (D:5)
  2 hounds
  2 orc wizards
  A bullfrog skeleton (D:5)
  An iguana (D:6)
  6 worker ants
  8 adders
  A shadow imp (D:5)
  An ooze (D:3)
  An adder zombie (D:2)
  An adder skeleton (D:4)
  A worm (D:2)
  2 dart slugs
  A leopard gecko (D:3)
  15 orcs
  2 giant cockroaches
  2 goblins (D:1)
  8 hobgoblins
  5 jackals
  5 kobolds
  A quokka (D:4)
  2 ball pythons
  5 bats
  3 frilled lizards
90 creatures vanquished.

Notes
Turn   | Place    | Note
-------+----------+-------------------------------------------
     0 | D:1      | Holzbalken the Demonspawn Gladiator began the quest for the
                  | Orb.
     0 | D:1      | Reached XP level 1. HP: 16/16 MP: 1/1
   280 | D:1      | Reached skill level 3 in Maces & Flails
   651 | D:1      | Gained mutation: You have sharp toenails. [demonic
                  | ancestry]
   651 | D:1      | Reached XP level 2. HP: 22/22 MP: 2/2
  1056 | D:2      | Found a shattered altar of Ashenzari.
  1245 | D:2      | Reached XP level 3. HP: 14/27 MP: 3/3
  1481 | D:2      | Reached skill level 4 in Maces & Flails
  1740 | D:2      | Found a sparkling altar of Nemelex Xobeh.
  1768 | D:2      | Found a shimmering blue altar of Sif Muna.
  1768 | D:2      | Found a glowing golden altar of the Shining One.
  2096 | D:2      | Reached XP level 4. HP: 30/33 MP: 4/4
  2537 | D:3      | Found a blossoming altar of Fedhas.
  2734 | D:3      | Found an opulent altar of Gozag.
  2805 | D:3      | Reached skill level 5 in Maces & Flails
  3033 | D:4      | Noticed Sigmund
  3239 | D:3      | Gained mutation: When hurt, damage is shared between your
                  | health and your magic reserves. [demonic ancestry]
  3239 | D:3      | Reached XP level 5. HP: 10/38 MP: 5/5
  3787 | D:4      | Killed Sigmund
  3787 | D:4      | Reached skill level 6 in Maces & Flails
  3787 | D:4      | Reached XP level 6. HP: 36/44 MP: 4/6
  4106 | D:4      | Reached skill level 7 in Maces & Flails
  4349 | D:4      | Found a white marble altar of Elyvilon.
  4533 | D:5      | Entered Level 5 of the Dungeon
  4578 | D:5      | Gained mutation: You have razor-sharp toenails. [demonic
                  | ancestry]
  4578 | D:5      | Reached XP level 7. HP: 35/50 MP: 5/7
  4966 | D:5      | Found a staircase to the Ecumenical Temple.
  4985 | Temple   | Entered the Ecumenical Temple
  5179 | Temple   | Became a worshipper of Qazlal Stormbringer
  5448 | D:5      | Reached skill level 8 in Maces & Flails
  6411 | D:6      | Reached skill level 9 in Maces & Flails
  6411 | D:6      | Gained mutation: You are immune to rotting. [demonic
                  | ancestry]
  6411 | D:6      | Reached XP level 8. HP: 56/56 MP: 8/8
  6642 | D:6      | Noticed Dowan
  6651 | D:6      | Noticed Duvessa
  6660 | D:6      | Killed Dowan
  6665 | D:6      | Slain by Duvessa

Levels and vault maps discovered:
D:1:      minmay_arrival_jagged, layout_basic, st_stairs_6
D:2:      wander_river, layout_loops_cross, gammafunk_temple_overflow_wave,
          old_standard_altar, nicolae_overflow_hidden_temple, minmay_3d_cube
D:3:      layout_basic, overflow_temple_1_default, lemuel_doored_altar
D:4:      layout_cave_pools, elyvilon_altar_1, uniq_sigmund
D:5:      layout_basic, minmay_temple_entry_antechambers, first_ration
D:6:      wander_guarded_unrand_ratskin, layout_basic, serial_shops,
          nicolae_shop_stone, uniq_duvessa
Temple:   minmay_temple_curvy_loop

Skill      XL: |  1  2  3  4  5  6  7 |
---------------+----------------------+-----
Maces & Flails | 3 4 5 6 7 9 |  9.8
Fighting       | |  2.0
Throwing       | |  1.7
Dodging        | |  2.6

Action                   |  1- 3 |  4- 6 |  7- 9 || total
-------------------------+-------+-------+-------++-------
Melee: Flail             |    84 |   138 |   142 ||   364
       Kick              |    15 |    33 |    33 ||    81
  Use: Scroll            |       |     6 |       ||     6
       Potion            |       |     1 |       ||     1
 Stab: Sleeping          |       |     1 |       ||     1
  Eat: Chunk             |     3 |     5 |     7 ||    15
       Ration            |       |     1 |       ||     1
Armor: Leather armour    |    25 |    12 |       ||    37
       Chain mail        |       |    51 |    70 ||   121
Dodge: Dodged            |    56 |    77 |    34 ||   167

Table legend:
 A = Non-vault XP
 B = Vault XP
 C = Vault XP percentage of total XP
 D = Non-vault monster count
 E = Vault monster count
 F = Vault count percentage of total count
                 A         B        C        D         E       F
            +---------+---------+-------+---------+---------+-------
      Total |    1630 |     296 |  15.4 |      83 |       7 |   7.8
            +---------+---------+-------+---------+---------+-------
        D:1 |      15 |       1 |   6.2 |       8 |       1 |  11.1
        D:2 |      75 |      21 |  21.9 |      11 |       4 |  26.7
        D:3 |     145 |       0 |   0.0 |      18 |       0 |   0.0
        D:4 |     196 |     205 |  51.1 |      16 |       1 |   5.9
        D:5 |     559 |       0 |   0.0 |      16 |       0 |   0.0
        D:6 |     640 |      69 |   9.7 |      14 |       1 |   6.7
            +---------+---------+-------+---------+---------+-------
